Map: [EWC] Site Delta

Players

Dark

  • Race: Zerg Zerg
  • Spawn Location: 11:00

Serral - Winner!

  • Race: Zerg Zerg
  • Spawn Location: 5:00

Event: Esports World Cup 2024

VOD

Have the link to the VOD?

Description

Time

  • Played on: Aug. 18, 2024, 7:22 a.m.
  • Length: 9:48

All games in this series

Show
View Real Time Build Order
Export as new Build Order

Dark Zerg 

Build Orders: Hatch First 

Get SALT Encoding   

  12  0:00  Drone  
  13  0:12  Overlord  
  13  0:17  Drone  
  14  0:31  Drone x2  
  16  0:49  Hatchery  
  15  0:52  Drone  
  15  0:55  Drone  
  17  0:59  Drone  
  18  1:10  Extractor  
  17  1:14  Spawning Pool  
  17  1:17  Drone  
  17  1:20  Drone  
  18  1:29  Drone  
  19  1:39  Drone  
  20  1:50  Drone  
  21  2:01  Queen x2  
  21  2:02  Overlord  
  21  2:03  Drone  
  26  2:09  Metabolic Boost  
  26  2:12  Drone  
  26  2:13  Drone  
  28  2:22  Drone  
  29  2:24  Drone  
  30  2:34  Hatchery  
  29  2:39  Drone  
  29  2:40  Zergling x2  
  31  2:45  Baneling Nest  
  31  2:48  Zergling x2  
  31  2:50  Overlord  
  31  2:55  Drone  
  31  2:56  Drone  
  33  3:10  Zergling x12  
  39  3:16  Zergling x4  
  41  3:20  Overlord  
  41  3:23  Zergling x2  
  42  3:30  Roach Warren  
  42  3:32  Baneling x2  
  41  3:35  Zergling x4  
  41  3:38  Baneling x2  
  43  3:41  Overlord  
  43  3:42  Zergling x2  
  44  3:55  Drone x4  
  46  4:05  Drone x4  
  47  4:12  Roach x2  
  51  4:21  Roach x2  
  51  4:22  Baneling  
  51  4:23  Baneling  
  54  4:24  Roach  
  54  4:27  Roach  
  58  4:38  Zergling x2, Roach x2  
  59  4:39  Zergling x2  
  59  4:44  Zergling x8  
  65  4:57  Overlord  
  65  5:00  Overlord  
  65  5:02  Overlord  
  65  5:04  Drone x2  
  65  5:06  Drone  
  65  5:10  Drone  
  66  5:14  Overlord  
  66  5:16  Drone x3  
  66  5:17  Drone  
  66  5:19  Drone  
  70  5:23  Drone  
  70  5:24  Drone  
  70  5:27  Roach  
  73  5:31  Roach  
  75  5:36  Extractor  
  75  5:37  Queen  
  75  5:39  Drone  
  75  5:40  Drone  
  77  5:46  Drone x3  
  80  5:52  Drone  
  80  5:53  Drone  
  82  6:01  Roach x2  
  90  6:04  Roach x2  
  90  6:05  Evolution Chamber  
  90  6:08  Roach  
  90  6:10  Overlord  
  91  6:12  Drone  
  91  6:14  Drone  
  91  6:18  Drone x3  
  96  6:22  Roach  
  97  6:26  Overlord  
  97  6:33  Zerg Missile Weapons Level 1  
  97  6:35  Drone x2, Extractor  
  97  6:36  Drone  
  99  6:41  Overlord  
  99  6:42  Roach x2  
  99  6:43  Roach  
  99  6:44  Overlord  
  99  6:45  Drone  
  99  6:46  Drone  
  107  6:48  Roach  
  107  6:51  Roach  
  107  6:53  Extractor, Roach  
  113  6:56  Overlord  
  113  6:57  Overlord  
  113  7:00  Roach  
  114  7:01  Roach  
  114  7:05  Roach x2  
  114  7:07  Roach  
  122  7:09  Roach  
  124  7:16  Roach  
  124  7:17  Overlord x2  
  124  7:20  Overlord  
  124  7:22  Overlord  
  126  7:23  Roach  
  126  7:25  Roach  
  126  7:27  Roach  
  132  7:30  Roach  
  132  7:34  Zergling x10  
  139  7:37  Roach  
  139  7:42  Roach x2  
  145  7:46  Roach x2  
  145  7:47  Roach  
  145  7:50  Roach  
  153  7:52  Zergling x4  
  153  7:56  Roach x2  
  159  7:59  Roach  
  159  8:03  Roach  
  163  8:07  Roach  
  163  8:09  Overlord  
  163  8:11  Roach  
  163  8:13  Drone x2  
  163  8:17  Extractor  
  164  8:21  Lair  
  164  8:22  Drone x3, Extractor  
  166  8:29  Roach x2  
  166  8:33  Roach  
  166  8:34  Roach  
  174  8:36  Roach  
  174  8:39  Zergling x2  
  174  8:41  Roach  
  179  8:44  Roach  
  179  8:46  Roach  
  178  8:51  Roach  
  178  8:54  Roach  
  178  8:55  Roach  
  174  8:59  Roach  
  174  9:02  Roach  
  172  9:05  Roach x2  
  172  9:07  Drone  
  172  9:09  Zergling x4  
  157  9:10  Roach x2  
  157  9:12  Roach  
  157  9:16  Roach  
  132  9:17  Roach  
  132  9:20  Zergling x6  
  132  9:21  Roach  
Show
View Real Time Build Order
Export as new Build Order

Serral Zerg - Winner!

Build Orders: Hatch First 

Get SALT Encoding   

  12  0:00  Drone  
  13  0:12  Overlord  
  13  0:17  Drone  
  14  0:30  Drone x2  
  16  0:46  Hatchery  
  15  0:50  Drone  
  15  0:53  Drone  
  18  0:57  Drone  
  18  1:04  Extractor  
  17  1:12  Spawning Pool  
  17  1:15  Drone  
  17  1:19  Drone  
  18  1:27  Drone  
  19  1:38  Drone  
  20  1:48  Drone  
  21  1:58  Queen  
  21  1:59  Zergling x2, Queen  
  21  2:00  Overlord  
  26  2:04  Metabolic Boost  
  26  2:09  Drone  
  26  2:11  Drone  
  28  2:20  Drone  
  28  2:21  Drone  
  30  2:32  Hatchery  
  30  2:34  Drone  
  30  2:37  Drone  
  30  2:41  Drone  
  32  2:44  Overlord  
  32  2:52  Zergling x2  
  32  2:53  Zergling x2  
  34  3:03  Zergling x4  
  36  3:08  Zergling x12  
  42  3:15  Baneling Nest  
  42  3:18  Overlord  
  41  3:20  Zergling x2  
  41  3:21  Queen  
  44  3:38  Drone, Zergling x2  
  44  3:39  Drone x5  
  51  3:42  Zergling x2  
  51  3:45  Zergling x6  
  55  3:57  Roach Warren, Zergling x2  
  55  4:02  Zergling x2  
  55  4:03  Zergling x4  
  55  4:07  Baneling x2  
  54  4:14  Overlord  
  54  4:15  Zergling x2  
  54  4:16  Zergling x4  
  57  4:17  Overlord  
  57  4:20  Overlord  
  57  4:23  Baneling x2  
  54  4:37  Roach x4  
  59  4:42  Extractor  
  58  4:47  Overlord  
  58  4:54  Roach x2  
  58  4:59  Overlord  
  62  5:03  Drone x2  
  62  5:04  Roach  
  62  5:06  Overlord  
  65  5:10  Drone x3  
  65  5:11  Drone x2  
  70  5:14  Overlord  
  70  5:17  Overlord  
  70  5:18  Roach  
  69  5:23  Drone  
  69  5:24  Drone  
  69  5:25  Roach  
  73  5:33  Roach x3  
  79  5:36  Drone  
  79  5:39  Drone x2  
  82  5:47  Extractor  
  81  5:50  Baneling  
  81  5:53  Roach x2  
  81  5:55  Drone x2  
  81  5:56  Overlord  
  86  6:00  Drone x5  
  90  6:07  Drone x2  
  90  6:08  Drone  
  90  6:09  Lair  
  92  6:13  Evolution Chamber  
  92  6:14  Overlord  
  92  6:15  Drone x2  
  93  6:19  Overlord  
  93  6:21  Roach  
  95  6:26  Drone  
  95  6:32  Drone x3  
  99  6:33  Extractor  
  99  6:35  Overlord  
  99  6:39  Zerg Missile Weapons Level 1  
  98  6:41  Roach x2  
  101  6:48  Drone x2  
  101  6:50  Roach x5  
  101  6:51  Extractor  
  112  6:56  Overlord  
  112  7:07  Glial Reconstitution  
  112  7:08  Overseer  
  112  7:09  Overlord  
  112  7:14  Drone  
  112  7:15  Drone  
  114  7:16  Roach x7  
  128  7:32  Roach x9  
  145  7:37  Overlord  
  145  7:42  Overlord  
  145  7:44  Roach x4  
  145  7:51  Baneling x3  
  153  7:54  Roach x4  
  161  8:02  Ravager  
  162  8:08  Roach x5  
  172  8:16  Overlord  
  172  8:22  Roach x7  
  186  8:27  Baneling x4  
  186  8:33  Overlord  
  186  8:40  Overlord  
  186  8:41  Ravager x2  
  186  8:42  Roach x2  
  186  8:46  Extractor  
  189  8:50  Roach x2  
  192  9:02  Roach x8  
  197  9:08  Roach  
  197  9:09  Roach x3  
  187  9:16  Roach x5  
  167  9:19  Roach x2  
  151  9:24  Roach x2  
  151  9:29  Roach x3  
Tags
 
Add a new tag
Caveats
  • Supply blocks, unpowered buildings, or Contaminate may cause inaccurate times.
  • Supply counts are checked every 10 seconds.